Map: Acropolis LE

Players

DbleAron - Winner!

  • Race: Protoss Protoss
  • League: Platinum
  • Spawn Location: 11:00

TriGGeR

  • Race: Terran Terran
  • League: Platinum
  • Spawn Location: 5:00

VOD

Have the link to the VOD?

Description

Time

  • Played on: May 26, 2019, 12:27 a.m.
  • Length: 28:38
Show
View Real Time Build Order
Export as new Build Order

DbleAron Protoss - Winner!

Build Orders: Double Forge 

Get SALT Encoding   

  12  0:00  Probe  
  13  0:13  Probe  
  14  0:17  Pylon  
  14  0:25  Probe  
  15  0:37  Probe  
  15  0:38  Gateway  
  16  0:49  Probe  
  17  0:51  Assimilator  
  17  1:01  Assimilator, Probe  
  18  1:13  Probe  
  19  1:23  Gateway  
  19  1:25  Probe  
  20  1:29  Cybernetics Core  
  20  1:37  Probe  
  21  1:49  Probe  
  22  1:58  Pylon  
  22  2:01  Probe  
  22  2:07  Stalker x2  
  23  2:16  Probe  
  23  2:20  Pylon  
  27  2:24  Warp Gate  
  27  2:31  Probe  
  28  2:39  Stalker x2  
  32  2:59  Nexus  
  32  3:02  Probe  
  33  3:23  Pylon  
  33  4:02  Probe  
  34  4:14  Probe  
  31  4:26  Probe  
  31  4:27  Probe  
  31  4:38  Probe  
  32  4:39  Probe  
  32  4:40  Twilight Council  
  33  4:46  Forge x2  
  33  4:48  Gateway  
  33  4:49  Gateway  
  33  4:50  Probe  
  33  4:51  Gateway, Probe  
  35  4:57  Shield Battery, Pylon  
  35  5:00  Shield Battery  
  35  5:01  Pylon  
  35  5:02  Probe  
  35  5:03  Probe  
  35  5:04  Stalker  
  39  5:07  Sentry  
  41  5:14  Probe  
  41  5:16  Probe  
  43  5:22  Templar Archives  
  43  5:26  Shield Battery, Probe  
  43  5:28  Probe  
  45  5:33  Photon Cannon  
  45  5:37  Sentry  
  45  5:39  Charge  
  45  5:40  Stalker  
  45  5:41  Probe  
  50  5:45  Assimilator  
  50  5:46  Protoss Ground Weapons Level 1  
  50  5:49  Protoss Ground Armor Level 1  
  50  5:58  Probe x2  
  52  6:06  Assimilator  
  52  6:08  Zealot, Probe  
  52  6:10  Probe  
  56  6:16  Probe  
  56  6:17  Pylon  
  56  6:19  Zealot  
  56  6:22  Zealot, Probe  
  56  6:25  Zealot, Probe  
  62  6:29  Psionic Storm  
  65  6:34  Probe  
  65  6:37  Stalker  
  68  6:43  Probe  
  68  6:46  Probe  
  70  6:55  Probe  
  70  6:58  Photon Cannon x2, Probe  
  70  6:59  Shield Battery  
  72  7:08  Probe  
  72  7:10  Probe  
  72  7:15  Zealot x2  
  76  7:16  Zealot  
  76  7:19  Blink  
  76  7:20  Probe  
  81  7:23  Probe  
  81  7:29  Zealot  
  84  7:30  Zealot  
  86  7:42  Nexus  
  86  7:47  Robotics Facility  
  86  7:55  Pylon  
  86  8:13  Probe  
  86  8:14  Zealot  
  86  8:15  Zealot x2  
  86  8:16  Pylon  
  86  8:19  Pylon  
  91  8:21  Sentry  
  81  8:36  Zealot x3  
  81  8:37  Zealot  
  67  8:49  Zealot  
  67  8:56  Immortal  
  67  8:57  Zealot x2  
  67  9:00  Zealot x2  
  74  9:17  Zealot  
  74  9:22  Zealot x2  
  80  9:24  Zealot  
  50  9:38  Zealot  
  43  9:46  Probe x2  
  43  9:58  Probe x2  
  45  10:10  Probe  
  45  10:13  Zealot  
  48  10:15  Probe  
  49  10:23  Immortal  
  49  10:24  Assimilator  
  53  10:37  High Templar, Probe  
  53  10:41  High Templar  
  58  10:44  High Templar x2  
  58  10:47  High Templar  
  64  10:53  Probe x2, Assimilator  
  66  11:13  Gateway  
  66  11:15  Gateway  
  66  11:16  Gateway  
  66  11:27  Protoss Ground Weapons Level 2  
  66  11:28  High Templar x2  
  66  11:30  High Templar  
  66  11:31  Protoss Ground Armor Level 2  
  66  11:32  High Templar  
  74  11:34  Archon  
  74  11:36  Archon  
  74  11:39  High Templar  
  80  11:47  Immortal  
  80  11:48  Probe  
  81  11:54  Pylon  
  81  12:02  Stalker x2  
  85  12:11  Zealot x2  
  89  12:16  Pylon  
  89  12:27  Zealot x2  
  91  12:30  Shield Battery  
  81  12:40  Archon x2  
  74  12:55  Probe  
  75  12:58  High Templar x2  
  75  12:59  High Templar x4  
  87  13:06  Nexus  
  87  13:10  Pylon  
  87  13:11  Probe x2  
  89  13:21  Observer  
  89  13:23  Probe x2  
  89  13:24  Stalker  
  94  13:36  Zealot  
  94  13:37  Zealot  
  94  13:39  Immortal  
  98  13:42  Probe  
  98  13:43  Probe  
  104  13:54  Probe  
  104  13:55  Probe  
  106  14:06  Probe  
  106  14:07  Sentry, Probe  
  110  14:11  Nexus  
  110  14:15  Probe  
  110  14:16  Pylon  
  110  14:18  Probe  
  110  14:19  Probe  
  110  14:23  Probe  
  113  14:29  Photon Cannon  
  113  14:31  Shield Battery  
  114  14:35  Photon Cannon  
  114  14:38  Shield Battery  
  114  14:40  Probe x2  
  114  14:41  Probe  
  117  14:52  Probe x2  
  119  14:53  Probe  
  119  14:54  High Templar x3  
  119  14:56  High Templar  
  119  14:59  Archon  
  128  15:00  Archon  
  128  15:02  Zealot x2  
  128  15:04  Observer  
  133  15:22  Pylon, Immortal  
  133  15:24  Probe x3  
  133  15:26  Probe  
  141  15:30  Assimilator  
  141  15:31  Pylon  
  141  15:35  Assimilator  
  141  15:48  Observer  
  141  15:55  Probe  
  141  15:59  Probe x3  
  141  16:03  Photon Cannon, Probe  
  145  16:04  Photon Cannon  
  145  16:06  Photon Cannon  
  145  16:07  Photon Cannon  
  145  16:10  Photon Cannon  
  146  16:11  Shield Battery, Probe x2  
  146  16:16  Shield Battery  
  148  16:19  Shield Battery  
  148  16:20  Shield Battery  
  148  16:29  High Templar x5  
  158  16:34  Archon  
  158  16:37  Zealot x3  
  164  16:45  Shield Battery  
  164  16:49  Shield Battery  
  164  16:52  Shield Battery  
  164  17:00  Stargate x2  
  164  17:02  Stargate  
  164  17:05  Stargate  
  164  17:08  Pylon  
  164  17:11  Pylon  
  164  17:14  Pylon  
  116  18:03  Zealot x6  
  116  18:04  Zealot  
  130  18:23  Fleet Beacon  
  130  18:24  Protoss Ground Weapons Level 3  
  130  18:25  Protoss Ground Armor Level 3  
  130  18:33  Zealot  
  130  18:34  Gateway, Zealot x5  
  136  18:35  Gateway, High Templar x2  
  136  18:36  Gateway  
  136  18:38  Gateway  
  136  18:39  Gateway  
  146  18:41  Gateway  
  146  18:42  Gateway  
  146  18:43  Gateway  
  146  18:44  Gateway  
  146  18:57  Stalker x3  
  146  18:58  Stalker  
  151  19:20  Zealot x3  
  151  19:22  High Templar x3  
  151  19:23  High Templar x2  
  167  19:29  High Templar  
  167  19:30  Nexus  
  169  19:31  Archon  
  169  19:32  Archon  
  169  19:33  Archon  
  169  19:34  Assimilator  
  169  19:35  Zealot  
  169  19:36  Zealot  
  173  19:38  Assimilator  
  173  19:40  Pylon  
  173  19:43  Pylon  
  173  19:44  Pylon  
  109  20:17  Zealot x3  
  109  20:18  Zealot x5  
  109  20:19  Zealot  
  111  20:30  Stalker x4  
  111  20:31  Stalker  
  109  21:00  Zealot x2  
  109  21:01  Zealot x6  
  109  21:02  Zealot x4  
  127  21:05  Probe x4  
  127  21:08  Photon Cannon  
  127  21:09  Photon Cannon  
  127  21:11  Photon Cannon  
  123  21:13  Tempest x2  
  123  21:14  Tempest, Photon Cannon  
  123  21:15  Photon Cannon  
  123  21:17  Photon Cannon  
  138  21:19  Shield Battery  
  138  21:20  Shield Battery  
  138  21:22  Shield Battery  
  138  21:24  Shield Battery  
  138  21:28  Tempest  
  138  21:29  Pylon  
  138  21:31  Pylon  
  143  21:42  High Templar x3  
  143  21:43  High Templar  
  143  21:46  Tempest  
  151  21:50  High Templar x3  
  151  21:51  High Templar x2  
  151  21:52  High Templar  
  163  21:55  High Templar  
  163  21:58  Tempest x2, High Templar  
  172  22:01  Archon x3  
  172  22:02  Tempest, Archon  
  187  22:17  Probe  
  187  22:18  Probe  
  187  22:21  Probe  
  190  22:34  Probe  
  190  22:35  Probe  
  190  22:36  Probe  
  193  22:39  Tempest  
  166  23:18  Zealot x2  
  166  23:19  Zealot x3  
  136  23:21  Zealot x4  
  136  23:22  Zealot x2  
  136  23:23  Zealot  
  150  23:33  Tempest x2  
  136  23:55  Zealot x4  
  142  23:56  Zealot x5  
  142  23:57  Zealot x2  
  151  24:16  Void Ray x4  
  167  24:23  High Templar  
  167  24:24  High Templar x5  
  171  24:25  High Templar x4  
  185  24:41  Zealot  
  185  24:42  Zealot x3  
  193  24:50  Archon  
  193  24:51  Archon  
  191  24:53  Zealot x2  
  191  24:54  Zealot  
  163  25:49  Archon  
  143  25:50  Archon x2  
  143  25:53  Zealot x2  
  143  25:54  Zealot x6  
  143  25:55  Zealot x2  
  163  25:57  Void Ray x2  
  163  25:58  Void Ray x2  
  165  26:17  Zealot  
  165  26:18  Zealot x3  
  163  26:34  Nexus  
  152  26:40  Void Ray x3  
  152  26:41  Void Ray  
  161  27:03  Pylon  
  161  27:05  Pylon  
  161  27:06  Pylon  
  157  27:10  Assimilator  
  157  27:14  Assimilator  
  151  27:17  Pylon  
  151  27:23  Void Ray x4  
  151  27:25  Zealot x3  
  159  28:03  Zealot x4  
  177  28:14  Zealot x3  
  177  28:15  High Templar  
  177  28:16  High Templar x3  
  177  28:17  High Templar  
  177  28:19  High Templar  
  195  28:20  High Templar  
Show
View Real Time Build Order
Export as new Build Order

TriGGeR Terran 

Build Orders:  

Get SALT Encoding   

  12  0:00  SCV  
  13  0:12  SCV  
  14  0:22  Supply Depot  
  14  0:24  SCV  
  15  0:43  SCV  
  15  0:44  Barracks  
  16  0:55  SCV  
  16  0:56  Refinery  
  17  1:12  SCV  
  18  1:24  SCV  
  19  1:31  Command Center  
  19  1:39  Marine  
  20  1:48  Supply Depot  
  20  1:49  SCV  
  21  2:02  SCV  
  21  2:04  Factory  
  21  2:05  Marine  
  23  2:19  Supply Depot  
  24  2:22  SCV  
  24  2:26  Marine  
  25  2:34  Refinery  
  25  2:35  SCV  
  26  2:44  Marine  
  26  2:47  SCV  
  26  2:49  SCV  
  29  2:57  Starport, Factory Tech Lab  
  29  3:01  Orbital Command  
  30  3:05  SCV  
  30  3:07  Marine  
  29  3:27  Marine  
  30  3:35  Siege Tank  
  30  3:36  Starport Reactor  
  30  3:37  Barracks, SCV  
  30  3:38  SCV  
  35  3:45  Marine  
  33  3:49  SCV  
  28  4:24  Siege Tank  
  28  4:28  SCV  
  28  4:30  SCV  
  30  4:42  Refinery  
  30  4:43  Refinery, SCV x2  
  32  4:48  Marine  
  32  4:51  Barracks Tech Lab  
  33  4:56  SCV  
  33  4:57  SCV  
  33  4:58  Supply Depot  
  35  5:05  Marine  
  36  5:08  SCV  
  36  5:09  Siege Tank, SCV  
  41  5:22  SCV  
  41  5:23  SCV  
  41  5:25  Supply Depot  
  41  5:27  Stimpack  
  41  5:28  Marauder  
  45  5:29  Marine  
  45  5:34  SCV  
  47  5:35  SCV  
  47  5:40  Supply Depot  
  47  5:41  Siege Tank  
  51  5:53  SCV  
  51  5:54  Barracks Reactor, SCV  
  51  5:55  Marauder  
  55  5:58  Supply Depot  
  55  6:16  Marauder  
  55  6:17  Medivac x2  
  61  6:20  SCV  
  61  6:21  Supply Depot  
  61  6:24  Orbital Command  
  62  6:31  Marine x2  
  64  6:38  SCV  
  65  6:42  Siege Tank  
  65  6:43  Marauder  
  70  6:48  Medivac  
  70  6:51  Medivac  
  74  6:55  Supply Depot  
  74  6:56  SCV  
  74  6:58  SCV  
  76  7:01  Marine  
  76  7:03  Marine  
  78  7:17  Siege Tank, SCV, Supply Depot  
  82  7:22  Marine  
  82  7:23  Marine  
  84  7:38  Marauder  
  84  7:40  Marine x2  
  88  7:52  Siege Tank  
  88  7:55  Medivac x2  
  88  7:57  Supply Depot, SCV  
  88  7:58  Marine x2  
  96  7:59  Marauder  
  96  8:01  Command Center  
  81  8:55  Marauder, Marine  
  83  8:57  Siege Tank  
  83  8:58  Supply Depot, Medivac x2  
  93  9:17  Marauder  
  79  9:38  Marine  
  79  9:39  Marauder  
  74  9:52  Marine  
  72  10:00  Marauder  
  74  10:12  Siege Tank, Medivac x2  
  74  10:13  Marine x2  
  83  10:21  Marauder  
  83  10:26  Barracks  
  83  10:27  Barracks  
  83  10:28  Barracks  
  85  10:35  SCV x3  
  88  10:40  Marine x2  
  90  10:43  Marauder, Medivac x2  
  90  10:44  Siege Tank  
  90  10:47  SCV x3  
  102  10:58  Marine x2, Supply Depot  
  102  10:59  SCV x3  
  102  11:02  Engineering Bay  
  107  11:04  Marauder, Engineering Bay  
  109  11:13  Medivac x2  
  109  11:16  Marine x2, Barracks Tech Lab x2  
  115  11:24  Supply Depot  
  117  11:26  Marauder, Refinery  
  117  11:27  Refinery  
  117  11:29  Armory  
  117  11:30  Terran Infantry Armor Level 1, Terran Infantry Weapons Level 1  
  117  11:32  Siege Tank  
  120  11:36  Orbital Command  
  122  11:47  Marauder  
  122  11:48  Marauder x2  
  122  11:51  Marine x2  
  128  12:06  SCV x3  
  128  12:08  Marauder, Barracks Tech Lab  
  133  12:10  Marauder x2  
  133  12:12  Marine x2  
  141  12:30  Marauder  
  141  12:31  Marauder x2  
  90  12:51  Marauder  
  90  12:52  Marauder  
  90  12:56  Siege Tank  
  95  13:01  Viking x2  
  95  13:02  Factory  
  95  13:03  Marauder  
  95  13:04  Marauder, Marine x2  
  95  13:05  Combat Shield  
  105  13:06  Concussive Shells  
  105  13:07  SCV  
  105  13:08  SCV x2  
  110  13:12  Marauder  
  110  13:14  Marauder  
  110  13:15  Liberator x2  
  110  13:19  SCV  
  113  13:25  Marauder x2, Marine x2  
  119  13:29  Siege Tank  
  130  13:34  Marauder, Terran Infantry Weapons Level 2, Terran Infantry Armor Level 2  
  130  13:35  Marauder  
  130  13:37  Terran Vehicle And Ship Armor Level 1  
  132  13:47  Marauder x2, Marine x2  
  138  13:51  Factory Tech Lab  
  140  13:55  Marauder  
  140  13:57  Marauder  
  140  13:58  Factory, Command Center  
  140  14:01  Siege Tank  
  145  14:03  Command Center  
  145  14:05  Marine x2  
  145  14:08  Marauder  
  149  14:21  Supply Depot x3  
  149  14:22  Supply Depot  
  149  14:28  Supply Depot  
  149  14:42  Marine  
  149  14:43  Marauder x3  
  156  14:46  Marine x2  
  156  14:47  Siege Tank x2  
  156  14:50  Supply Depot  
  156  14:52  Supply Depot  
  164  14:55  Supply Depot  
  164  14:56  Supply Depot  
  164  14:57  Supply Depot  
  164  14:58  Factory Tech Lab  
  164  15:00  Marauder  
  164  15:04  Marauder x3, Medivac x2  
  176  15:15  SCV  
  176  15:16  SCV x2  
  176  15:21  Refinery  
  179  15:22  Marauder  
  181  15:35  Refinery  
  181  15:37  Marauder x3, Marine  
  181  15:38  Marine  
  181  15:40  Siege Tank  
  181  15:41  Siege Tank  
  181  15:42  Siege Tank  
  198  15:43  Marauder  
  200  15:53  Supply Depot  
  200  15:54  Supply Depot  
  200  15:59  Terran Infantry Weapons Level 3  
  200  16:00  Terran Infantry Armor Level 3  
  200  16:50  Refinery  
  200  16:54  Refinery  
  200  17:02  Barracks  
  200  17:03  Barracks  
  200  17:04  Barracks x2  
  200  17:05  Barracks  
  105  18:03  Marauder x3  
  105  18:04  Marauder, Marine x2  
  105  18:05  Barracks Tech Lab x2  
  115  18:06  Barracks Reactor x2, Barracks Tech Lab  
  115  18:09  Siege Tank x2  
  115  18:11  Siege Tank  
  124  18:22  Marine x2  
  124  18:25  Marauder x4  
  134  18:34  SCV x5  
  135  18:39  Marine x2  
  141  18:46  Marauder  
  143  18:50  Marauder x3  
  143  18:51  Marauder  
  143  18:52  Marauder x2, Marine x2, Liberator x2  
  143  18:53  Marine x2  
  159  18:59  Marine x2  
  164  19:02  Siege Tank  
  164  19:03  Siege Tank  
  164  19:04  Siege Tank  
  164  19:07  Marauder  
  175  19:10  Marine x3  
  175  19:11  Marauder x3  
  175  19:13  Marauder x3  
  190  19:21  Orbital Command  
  190  19:23  Planetary Fortress  
  190  19:28  Command Center  
  190  19:29  Marauder, Marine x2  
  190  19:30  Marine x2  
  196  19:32  Marauder x2  
  116  20:20  Marauder x7  
  116  20:21  Marine x5  
  108  20:25  Liberator x2  
  99  20:39  Marine x2  
  99  20:40  Siege Tank  
  99  20:41  Marauder x5, Siege Tank  
  99  20:42  Marauder x2, Siege Tank  
  125  20:54  Marine x3  
  125  20:57  Marine  
  125  21:02  Marauder x2  
  125  21:03  Marauder x5  
  129  21:13  Siege Tank  
  129  21:14  Siege Tank  
  129  21:15  Siege Tank  
  138  21:24  Marauder x7  
  152  21:38  Marine  
  152  21:39  Marine x3  
  156  21:40  Marine  
  156  21:41  Marine  
  156  21:45  Marauder x3  
  156  21:46  Marauder x4, SCV  
  173  21:47  Planetary Fortress  
  173  21:49  SCV  
  173  21:50  SCV x3  
  177  21:58  SCV, Medivac x2  
  182  22:05  Starport  
  182  22:06  Marauder  
  182  22:07  Marauder x6  
  196  22:10  SCV  
  197  22:21  Marine x3  
  197  22:43  Medivac  
  197  22:44  Medivac  
  199  22:47  Starport Reactor  
  144  23:23  Viking x2  
  144  23:24  Viking x2  
  152  23:27  Starport  
  152  23:28  Starport  
  152  23:31  Cyclone  
  152  23:32  Cyclone  
  158  23:34  Cyclone  
  161  23:47  Marine x6  
  161  23:48  Marine x7  
  151  23:53  Viking, Medivac  
  151  23:54  Viking, Medivac  
  159  24:05  Marine x2  
  159  24:06  Marine x6  
  159  24:07  Marine x5  
  167  24:23  Marine x2  
  167  24:24  Marine x2  
  143  24:25  Marine x5  
  143  24:26  Viking x2  
  143  24:27  Starport Reactor  
  143  24:28  Viking x2  
  148  24:32  Starport Reactor  
  148  24:38  Marine x4  
  151  24:40  Marine x2  
  151  24:41  Marine  
  151  24:42  Marine x3  
  151  24:43  Marine x3  
  161  24:55  Marine  
  161  24:56  Viking, Marine  
  161  24:58  Viking  
  167  25:04  Viking x2  
  171  25:10  Terran Ship Weapons Level 1  
  171  25:11  Viking x2  
  175  25:17  Cyclone x3  
  175  25:20  Viking  
  175  25:21  Viking  
  182  25:30  Viking x2  
  182  25:34  Viking x2  
  109  25:50  Marine x5  
  109  25:51  Marine x8  
  109  25:52  Viking x2  
  109  25:53  Viking x2  
  111  26:08  Marine x5  
  111  26:11  Marine x4  
  100  26:13  Viking  
  75  26:33  Marine  
  75  26:34  Marine x2  
  75  26:36  Marine x3  
  75  26:37  Marine x2  
  72  26:51  Marine x2  
  71  26:54  Marine x2  
  71  26:59  Marine x2  
  68  27:02  Viking x7  
  79  27:09  Marine  
  75  27:19  Marine x5  
  73  27:27  Marine  
  68  27:32  Orbital Command  
  64  27:37  Marine  
  64  28:07  SCV  
  65  28:21  SCV x2  
  65  28:22  SCV  
Tags
 
Add a new tag
Caveats
  • Supply blocks, unpowered buildings, or Contaminate may cause inaccurate times.
  • Supply counts are checked every 10 seconds.